 Dungeon Crawl Stone Soup version 0.25.1-2-g60ff931df9 (webtiles) character file.

Game seed: 3249166289462582416

42 funkygono the Conjurer (level 3, 0/19 HPs)
             Began as a Gargoyle Conjurer on Sept 14, 2020.
             Slain by a worm (3 damage)
             ... on level 2 of the Dungeon.
             The game lasted 00:02:58 (1507 turns).

funkygono the Conjurer (Gargoyle Conjurer)          Turns: 1507, Time: 00:02:59

Health: 0/19       AC:  5    Str: 11    XL:     3   Next: 56%
Magic:  0/6        EV: 12    Int: 16    God:
Gold:   51         SH:  0    Dex: 10    Spells: 4/7 levels left

rFire    . . .     SeeInvis .   f - +0 club
rCold    . . .     Gourm    .   (no shield)
rNeg     + . .     Faith    .   a - +0 robe
rPois    ∞         Spirit   .   (no helmet)
rElec    +         Reflect  .   (no cloak)
rCorr    .         Harm     .   (no gloves)
MR       .....                  (no boots)
Stlth    ++........             (no amulet)
HPRegen  0.06/turn              (no ring)
MPRegen  0.10/turn              (no ring)

@: no status effects
A: negative energy resistance 1, electricity resistance, unbreathing,
petrification resistance, rot immunity, AC +3
a: no special abilities


You were on level 2 of the Dungeon.
You were not hungry.

You visited 1 branch of the dungeon, and saw 2 of its levels.

You collected 51 gold pieces.

Inventory:

Hand Weapons
 f - a +0 club (weapon)
Missiles
 b - 62 stones (quivered)
Armour
 a - a +0 robe (worn)
Potions
 h - a potion of brilliance
Comestibles
 c - 3 rations
 d - a chunk of flesh


   Skills:
 + Level 0.1 Maces & Flails
 + Level 1.7 Dodging
 + Level 2.2 Stealth
 + Level 2.6 Spellcasting
 + Level 5.2 Conjurations


You had 4 spell levels left.
You knew the following spells:

 Your Spells              Type           Power        Failure   Level  Hunger
a - Magic Dart            Conj           ###.         2%          1    #......
b - Searing Ray           Conj           ###...       3%          2    ##.....

Your spell library contained the following spells:

 Spells                   Type           Power        Failure   Level  Hunger
 Dazzling Flash           Conj/Hex       ##....       21%         3    ###....
 Fulminant Prism          Conj/Hex       ##........   54%         4    #####..
 Iskenderun's Mystic Bla  Conj/Tloc      ##......     54%         4    #####..


Dungeon Overview and Level Annotations

Branches:
Dungeon (2/15)

Altars:


Innate Abilities, Weirdness & Mutations

You are resistant to torment.
Your stone body is resilient. (AC +3)
You are immune to poison.
You resist negative energy. (rN+)
You are resistant to electric shocks. (rElec)
You can survive without breathing.
You are immune to petrification.
You are immune to rotting.


Message History

The worm is moderately wounded.
The worm bites you.
You barely miss the worm.
The worm is moderately wounded.
You hit the worm but do no damage.
The worm is moderately wounded.
The worm closely misses you.
You completely miss the worm.
The worm is lightly wounded.
The worm bites you!
* * * LOW HITPOINT WARNING * * *
Casting: Magic Dart (safe; 2% risk of failure)
Confirm with . or Enter, or press ? or * to list all spells.
Aiming: Magic Dart (safe; 2% risk of failure)
Press: ? - help, Shift-Dir - straight line, f/p - worm
Aim: a worm (lightly wounded)
The magic dart hits the worm.
The worm is moderately wounded.
The worm bites you.
You die...

..r....#.. .#.....##......
..g.$.....).........#......
...........................
..S....................%...
...........................
............(...............
S.<....g?..................
##.####.............# .. #.#
.#.w@..## . #.. ####<..## .#
#.. ###.)##.#### #..#
####.<.....# #?..
#....).#.#..# #.##
#......####.^..# ##...##
.##.... #.# ## .#. .. #


You could see a worm.

Vanquished Creatures
  An ooze (D:2)
  A leopard gecko (D:1)
  2 bats (D:1)
  3 giant cockroaches
  4 goblins
  8 hobgoblins
  6 kobolds (D:1)
  2 ball pythons
  3 frilled lizards (D:1)
  A leopard gecko skeleton (D:2)
  4 rats
35 creatures vanquished.

Notes
Turn   | Place    | Note
-------+----------+-------------------------------------------
     0 | D:1      | funkygono the Gargoyle Conjurer began the quest for the
                  | Orb.
     0 | D:1      | Reached XP level 1. HP: 10/10 MP: 3/3
   149 | D:1      | Reached XP level 2. HP: 11/15 MP: 0/5
   207 | D:1      | Learned a level 2 spell: Searing Ray
   641 | D:1      | Reached skill level 5 in Conjurations
   822 | D:1      | Reached XP level 3. HP: 19/19 MP: 0/6
  1507 | D:2      | Slain by a worm

Illustrated notes

Levels and vault maps discovered:
D:1:      minmay_arrival_shattered_statue, layout_basic
D:2:      layout_rooms

Skill      XL: |  1  2 |
---------------+-------+-----
Conjurations   | 5 |  5.2
Maces & Flails | |  0.1
Dodging        | |  1.7
Stealth        | |  2.2
Spellcasting   | |  2.6

Action                   || total
-------------------------++-------
Melee: Unarmed           ||    17
       Club              ||    28
 Cast: Magic Dart        ||    64
       Searing Ray       ||     2
  Use: Scroll            ||     2
  Eat: Chunk             ||     3
Armor: Robe              ||     7
Dodge: Dodged            ||    37
